 Dungeon Crawl Stone Soup version 0.32-a0-685-g93135e86f0 (webtiles) character file.

Game seed: 2651307139813258143

826 gimp the Changeling (level 7, 0/55 HPs)
             Began as a Merfolk Shapeshifter on Mar 13, 2024.
             Was an Initiate of Trog.
             Killed from afar by an orc wizard (7 damage)
             ... with a magic dart
             ... on level 5 of the Dungeon.
             The game lasted 00:07:26 (4592 turns).

gimp the Changeling (Merfolk Shapeshifter)          Turns: 4592, Time: 00:07:27

Health: 0/55       AC:  2    Str: 14    XL:     7   Next: 96%
Magic:  7/7        EV: 15    Int:  9    God:    Trog [......]
Gold:   158        SH:  0    Dex: 16    Spells: 6/6 levels left

rFire   . .          .
                       - Unarmed
rCold   + . .        (no shield)
rNeg    . . .        a - +0 animal skin
rPois   .            (helmet currently unavailable)
rElec   .            (cloak currently unavailable)
rCorr   .            (gloves currently unavailable)
SInv    .            (boots currently unavailable)
Will    .....        (no amulet)
Stlth   +            s - ring of protection from cold
HPRegen 0.29/turn    (no ring)
MPRegen 0.10/turn

%: no passive effects
@: confused, beast-form
A: beast (slay +3), (nimble swimmer 2), mertail
a: Begin Untransformation, Renounce Religion


You were on level 5 of the Dungeon.
You worshipped Trog.
Trog was noncommittal.
You were a hulking beast.
You visited 2 branches of the dungeon, and saw 6 of its levels.

You collected 158 gold pieces.

Inventory:

Armour
 a - a +0 animal skin (worn)
 m - a +0 hat
Jewellery
 s - a ring of protection from cold (left hand)
Talismans
 c - a beast talisman (active)
 d - a flux talisman
Scrolls
 g - a scroll of amnesia {unknown}
 i - 2 scrolls of enchant armour {unknown}
 k - 2 scrolls of blinking {unknown}
 l - a scroll of fog {unknown}
 n - 2 scrolls of teleportation {unknown}
 p - a scroll of revelation {unknown}
 r - a scroll of identify {unknown}
Potions
 b - a potion of lignification
 e - 2 potions of heal wounds {unknown}
 f - a potion of mutation {unknown}
 h - a potion of resistance {unknown}
 j - a potion of invisibility {unknown}
 o - 2 potions of brilliance {unknown}
 q - a potion of curing {unknown}


   Skills:
 + Level 4.7 Fighting
 + Level 6.2 Dodging
 + Level 5.7 Unarmed Combat
 + Level 6.6 Shapeshifting


You had 6 spell levels left.
You didn't know any spells.
Your spell library contained the following spells:

 Spells                   Type           Power      Damage    Failure   Level
 Ensorcelled Hibernation  Hex/Ice        0%         N/A       52%         2
 Fugue of the Fallen      Necr           0%         N/A       77%         3
 Sigil of Binding         Hex            0%         N/A       77%         3
 Anguish                  Hex/Necr       0%         N/A       99%         4
 Death Channel            Necr           0%         N/A       100%        6
 Sculpt Simulacrum        Ice/Alch       0%         N/A       100%        6


Dungeon Overview and Level Annotations

Branches:
Dungeon (5/15)             Temple (1/1) D:4

Altars:
Ashenzari
Dithmenos
Fedhas
Gozag
Kikubaaqudgha
Makhleb
Nemelex Xobeh
Okawaru
Qazlal
Ru
Trog
Vehumet
Xom
Zin

Annotations:
D:4 exclusion: statue


Innate Abilities, Weirdness & Mutations

You are a hulking beast.
Your limbs bulge with bestial killing power. (Slay +3)
((You are very nimble when in or above water. (Stealth+, EV+, Speed+++)))
Your lower body shifts to a powerful aquatic tail in water.


Message History

You take 7 damage, and have 30/55 hp.
You barely miss the orc priest.
The orc priest is lightly wounded.
The orc priest miscasts a cantrip.
The orc barely misses you.
You hit the orc priest.
The orc priest is lightly wounded.
The orc priest closely misses you. The orc hits you with a +0 dagger.
You take 4 damage, and have 27/55 hp.
You hit the orc priest but do no damage.
The orc priest is lightly wounded.
The orc hits you with a +0 dagger. The orc priest misses you.
You take 1 damage, and have 26/55 hp.
You hit the orc priest.
The orc priest is heavily wounded.
You punch the orc priest!
The orc priest is almost dead.
The orc hits you with a +0 dagger. The orc priest misses you.
You take 3 damage, and have 23/55 hp.
You hit the orc priest.
You kill the orc priest!
Trog accepts your kill. The orc hits you with a +0 dagger.
You take 2 damage, and have 21/55 hp.
You hit the orc.
The orc is severely wounded.
The orc hits you with a +0 dagger.
You take 1 damage, and have 20/55 hp.
You punch the orc!
You kill the orc!
Trog accepts your kill.
Things that are here:
a +0 dagger; a +0 ring mail
Items here: ))) [ †.
Your legs become a tail as you enter the water.
An orc wizard comes into view. It is wielding a +0 dagger.
Health restored: 55 An orc wizard is nearby!
An orc wizard comes into view. It is wielding a +0 dagger.
Found a burning altar of Makhleb.
Your legs become a tail as you enter the water.
Found 28 gold pieces.
The helpless orc wizard fails to defend itself.
You hit the orc wizard.
The orc wizard is moderately wounded.
The orc wizard gestures wildly while chanting.
The orc wizard flickers and vanishes!
Deactivating autopickup; reactivate with Ctrl-A.
The orc wizard shouts!
An orc comes into view.
It is wielding a +0 dagger and wearing a +0 leather armour of willpower.
The orc wizard barely misses you.
You hear some strange, mumbled words.
You are confused.
You bump into the rock wall.
The orc wizard casts a spell at you.
You are more confused.
You bump into the rock wall.
The orc wizard closely misses you. Something barely misses you.
Something hits you but does no damage.
You miss the orc wizard.
You punch the orc wizard, but do no damage.
The orc wizard hits you with a +0 dagger.
Something hits you.
You take 5 damage, and have 50/55 hp.
You hit the orc.
The orc is severely wounded.
The orc hits you with a +0 dagger. Something hits you.
The orc wizard hits you with a +0 dagger.
You take 8 damage, and have 42/55 hp.
A quokka comes into view.
The orc attacks as it pursues you! The orc hits you with a +0 dagger.
You hear some strange, mumbled words.
A puff of flame appears from out of thin air!
The puff of flame hits you. The orc wizard casts a spell at you.
You are more confused.
You take 7 damage, and have 35/55 hp.
Your legs become a tail as you enter the water.
Something barely misses you.
The orc wizard mumbles some strange words.
The orc wizard flickers and vanishes!
You're too confused to move!
You hear some strange, mumbled words.
A puff of flame appears from out of thin air!
The puff of flame hits you!
A puff of flame appears from out of thin air!
The puff of flame hits you!
You take 19 damage, and have 17/55 hp.
MASSIVE DAMAGE!!
You bump into the stone wall.
You bump into the stone wall.
You are engulfed in a cloud of scalding steam.
* * * LOW HITPOINT WARNING * * *
Something tries to affect you, but you resist.
You take 6 damage, and have 12/55 hp.
A magic dart appears from out of thin air!
The magic dart hits you.
* * * LOW HITPOINT WARNING * * *
A magic dart appears from out of thin air!
The magic dart hits you!
You die...

######..#####.
#.............
#.####..###### #.####..#
##### .......... .$.. #####
.......#######..####...# #
.......# #......{.r...#.#
.......####.≈≈≈≈≈≈≈≈≈o...#
.>....#.....≈.$.h...§{######
........##..≈.#####.≈.......
......#.###.≈.#.....≈.######
........###.≈.#._.#.≈.#
#..##.#f....≈.....#.≈.# #..#
###.≈.#####.≈.# #..#
....≈.........#### #...
#.≈≈≈≈≈≈≈≈≈...... ....#
#...........#####


You could see an orc and a quokka.

Vanquished Creatures
  Grinder (D:4)
  A wyvern (D:5)
  A black bear (D:5)
  A bombardier beetle (D:3)
  An orc priest (D:5)
  An iguana (D:4)
  A sleepcap (D:5)
  Jessica (D:1)
  An orc wizard (D:3)
  Terence (D:2)
  5 adders
  2 white imps (D:5)
  6 dart slugs
  2 ribbon worms
  16 orcs
  6 ball pythons
  12 endoplasms
  4 giant cockroaches
  4 goblins
  7 hobgoblins
  14 jackals
  10 kobolds
  6 quokkas
  5 bats
  5 rats
114 creatures vanquished.

Notes
Turn   | Place    | Note
-------+----------+-------------------------------------------
     0 | D:1      | gimp the Merfolk Shapeshifter began the quest for the Orb.
     0 | D:1      | Reached XP level 1. HP: 15/15 MP: 1/1
    74 | D:1      | Reached XP level 2. HP: 17/21 MP: 2/2
   385 | D:1      | Reached XP level 3. HP: 27/27 MP: 3/3
   970 | D:2      | Noticed Terence
   988 | D:2      | Noticed Jessica
  1037 | D:1      | Killed Jessica
  1038 | D:1      | Reached XP level 4. HP: 21/34 MP: 4/4
  1181 | D:2      | Killed Terence
  1182 | D:2      | Reached XP level 5. HP: 24/39 MP: 5/5
  1525 | D:2      | Reached skill level 5 in Shapeshifting
  1881 | D:3      | Reached XP level 6. HP: 26/47 MP: 6/6
  2159 | D:3      | Found a sparkling altar of Nemelex Xobeh.
  2484 | D:4      | Found a staircase to the Ecumenical Temple.
  2492 | Temple   | Found a transporter.
  2492 | Temple   | Found a transporter.
  2492 | Temple   | Found a transporter.
  2492 | Temple   | Found a transporter.
  2492 | Temple   | Entered the Ecumenical Temple
  2508 | Temple   | Became a worshipper of Trog the Wrathful
  2821 | D:4      | Found an ancient bone altar of Kikubaaqudgha.
  2867 | D:4      | Found a radiant altar of Vehumet.
  2945 | D:4      | Noticed Grinder
  2946 | D:4      | Paralysed by Grinder for 3 turns
  2961 | D:4      | Paralysed by Grinder for 4 turns
  2967 | D:4      | Killed Grinder
  2968 | D:4      | Reached skill level 5 in Dodging
  2968 | D:4      | Reached skill level 5 in Unarmed Combat
  2968 | D:4      | Reached XP level 7. HP: 53/53 MP: 7/7
  3441 | D:5      | Entered Level 5 of the Dungeon
  3639 | D:5      | Noticed a wyvern
  3647 | D:5      | Killed a wyvern
  3747 | D:5      | Found a blossoming altar of Fedhas.
  3816 | D:5      | Identified the +7 whip of the Head {freeze, +Blink rElec
                  | Dex-3 Stlth+}
  4572 | D:5      | Found a burning altar of Makhleb.
  4592 | D:5      | Killed from afar by an orc wizard

Illustrated notes

Levels and vault maps discovered:
D:1:      dpeg_arrival_more_subterranean_lakeside_camping, layout_loops_ring,
          hex_tiny
D:2:      layout_rooms, uniq_jessica, uniq_terence
D:3:      layout_rooms, nemelex_xobeh_ov_fountains_minmay, minmay_distorted
D:4:      layout_basic, vehumet_statue, kennysheep_mini_moat,
          minmay_temple_entry_tees, columned_hall_lemuel, uniq_grinder
D:5:      layout_loops_ring, fedhas_altar_1, eat_drink_and_be_merry_uskayaw,
          mainiacjoe_overflow_brackets
Temple:   hellmonk_temple_divided_pantheon

Skill      XL: |  1  2  3  4  5  6  7 |
---------------+----------------------+-----
Dodging        | 3 4 5 6 |  6.2
Fighting       | 2 3 4 |  4.7
Unarmed Combat | 4 5 |  5.7
Shapeshifting  | 5 6 |  6.6

Action                     |  1- 3 |  4- 6 |  7- 9 || total
---------------------------+-------+-------+-------++-------
  Melee: Unarmed           |   107 |   159 |    89 ||   355
         Tailslap          |     4 |       |       ||     4
         Punch             |     3 |     4 |     4 ||    11
    Use: Potion            |       |     1 |       ||     1
   Stab: Sleeping          |     2 |     1 |     1 ||     4
 Armour: Animal skin       |    53 |    60 |    69 ||   182
         Skin              |       |     4 |       ||     4
  Dodge: Dodged            |    82 |   104 |    57 ||   243

Table legend: (Time is in decaauts)
 A = Elapsed time spent in this place.
 B = Non-inter-level travel time spent in this place.
 C = Inter-level travel time spent in this place.
 D = Time resting spent in this place.
 E = Time spent auto-exploring this place.
 F = Levels seen in this place.
 G = Mean time per level.
                   A        B        C        D        E       F      G
               +--------+--------+--------+--------+--------+-----+--------+
         Total |   4556 |   4444 |    112 |     49 |   3536 |   6 |  759.3 |
       Dungeon |   4520 |   4426 |     94 |     49 |   3536 |   5 |  904.0 |
        Temple |     36 |     18 |     18 |      0 |      0 |   1 |   36.0 |
               +--------+--------+--------+--------+--------+-----+--------+

Top non-repeatable levels by time:
     D:5: 1140 daAuts
     D:4: 1068 daAuts
     D:1: 1062 daAuts
     D:2: 751 daAuts
     D:3: 497 daAuts
  Temple: 36 daAuts
